Map: Heavy Artillery LE

Players

Arthas - Winner!

  • Race: Protoss Protoss
  • Spawn Location: 3:00

Ivadios - Winner!

  • Race: Terran Terran
  • League: Bronze
  • Spawn Location: 1:00

Viper

  • Race: Protoss Protoss
  • Spawn Location: 7:00

Pin

  • Race: Protoss Protoss
  • Spawn Location: 7:00

VOD

Have the link to the VOD?

Description

Time

  • Played on: June 5, 2020, 2:35 p.m.
  • Length: 14:28
Show
View Real Time Build Order
Export as new Build Order

Arthas Protoss - Winner!

Build Orders: Cannon Rush 

Get SALT Encoding   

  12  0:01  Probe  
  13  0:13  Probe  
  14  0:18  Pylon  
  14  0:29  Probe (Chrono Boost)  
  15  0:41  Probe (Chrono Boost)  
  16  0:44  Forge  
  16  0:48  Probe (Chrono Boost)  
  17  1:05  Pylon  
  17  1:10  Pylon  
  17  1:31  Photon Cannon  
  17  1:33  Photon Cannon  
  17  1:35  Photon Cannon  
  17  1:39  Photon Cannon  
  16  2:07  Probe (Chrono Boost)  
  17  2:10  Nexus  
  17  2:12  Pylon  
  17  2:15  Assimilator  
  17  2:16  Gateway  
  17  2:19  Probe (Chrono Boost)  
  18  2:24  Probe (Chrono Boost)  
  19  2:33  Probe  
  19  2:36  Assimilator  
  20  2:45  Probe  
  21  2:54  Photon Cannon  
  21  2:57  Probe  
  22  3:01  Pylon  
  22  3:08  Cybernetics Core  
  22  3:10  Probe  
  23  3:17  Protoss Ground Weapons Level 1 (Chrono Boost)  
  23  3:22  Probe  
  23  3:25  Photon Cannon  
  24  3:30  Probe (Chrono Boost), Photon Cannon  
  24  3:34  Probe (Chrono Boost)  
  27  3:41  Probe (Chrono Boost)  
  27  3:43  Probe (Chrono Boost)  
  27  3:44  Warp Gate  
  27  3:46  Probe (Chrono Boost)  
  29  3:55  Probe x2  
  30  4:02  Robotics Facility  
  31  4:07  Probe x2  
  33  4:13  Assimilator  
  33  4:15  Assimilator  
  33  4:19  Probe x2  
  33  4:22  Twilight Council  
  35  4:31  Probe x2  
  37  4:43  Probe  
  37  4:44  Probe  
  39  4:54  Observer  
  39  4:55  Probe  
  39  4:56  Probe  
  42  5:07  Probe  
  42  5:08  Probe  
  42  5:12  Immortal (Chrono Boost), Protoss Ground Weapons Level 2 (Chrono Boost)  
  50  5:29  Probe  
  49  5:43  Immortal (Chrono Boost), Blink  
  53  5:52  Nexus  
  53  5:53  Pylon  
  53  5:56  Assimilator  
  53  5:59  Assimilator  
  53  6:13  Warp Prism  
  53  6:17  Photon Cannon  
  55  6:19  Photon Cannon  
  55  6:21  Shield Battery  
  55  6:34  Pylon  
  55  6:36  Pylon  
  55  6:39  Pylon  
  55  6:40  Robotics Bay, Robotics Facility  
  55  7:05  Observer  
  55  7:07  Probe x3  
  59  7:19  Probe x3  
  62  7:31  Probe x2  
  62  7:32  Probe  
  65  7:43  Probe x2  
  67  8:05  Protoss Ground Weapons Level 3 (Chrono Boost), Probe  
  57  8:06  Probe  
  57  8:07  Colossus (Chrono Boost)  
  71  8:15  Probe  
  71  8:17  Colossus (Chrono Boost)  
  71  8:18  Observer, Probe x2  
  74  8:23  Charge (Chrono Boost)  
  74  8:27  Probe, Robotics Facility  
  74  8:30  Zealot  
  74  8:32  Probe x2  
  79  8:46  Colossus  
  79  8:53  Probe x2  
  79  8:54  Colossus  
  93  9:10  Zealot  
  95  9:23  Colossus  
  101  9:31  Gateway x2  
  101  9:32  Extended Thermal Lance (Chrono Boost)  
  101  9:37  Gateway  
  101  9:39  Gateway  
  100  9:46  Pylon  
  100  9:49  Pylon  
  100  9:50  Pylon  
  100  10:00  Nexus  
  100  10:01  Pylon  
  100  10:04  Colossus  
  100  10:05  Pylon  
  100  10:06  Colossus  
  112  10:08  Assimilator  
  112  10:10  Pylon, Assimilator  
  112  10:15  Pylon  
  112  10:16  Pylon  
  112  10:17  Pylon  
  112  10:18  Colossus  
  118  10:30  Stalker  
  118  10:31  Stalker  
  118  10:32  Stalker  
  123  10:46  Stalker  
  123  10:47  Protoss Ground Armor Level 1 (Chrono Boost)  
  123  10:48  Stalker  
  127  10:54  Pylon  
  127  10:56  Pylon  
  127  10:58  Pylon, Stalker x3  
  127  11:00  Gateway  
  133  11:08  Photon Cannon  
  133  11:10  Photon Cannon  
  133  11:15  Photon Cannon  
  115  11:31  Stalker x2  
  115  11:32  Stalker x3  
  107  11:49  Probe x3  
  107  11:51  Probe  
  111  12:01  Probe  
  111  12:07  Stalker x4  
  111  12:08  Stalker x2  
  142  12:11  Colossus (Chrono Boost)  
  142  12:12  Observer (Chrono Boost), Colossus (Chrono Boost)  
  137  12:20  Gravitic Boosters (Chrono Boost)  
  137  12:32  Stalker x5  
  137  12:33  Stalker  
  149  12:49  Warp Prism (Chrono Boost)  
  151  13:09  Nexus  
  151  13:10  Pylon  
  151  13:12  Pylon  
  151  13:14  Assimilator  
  151  13:18  Assimilator  
  151  13:21  Pylon  
Show
View Real Time Build Order
Export as new Build Order

Ivadios Terran - Winner!

Build Orders:  

Get SALT Encoding   

  12  0:18  Supply Depot  
  12  0:27  SCV  
  13  0:42  Barracks  
  13  1:32  Barracks  
  13  1:38  Barracks  
  13  1:41  Marine  
  13  1:46  SCV  
  15  1:58  SCV  
  15  1:59  Marine  
  17  2:06  Refinery  
  17  2:17  Marine  
  18  2:24  Marine  
  19  2:35  Marine  
  20  2:41  Marine  
  21  2:52  Marine  
  21  2:57  Supply Depot  
  22  2:59  Marine, Supply Depot  
  22  3:10  Marine  
  23  3:19  Marine  
  24  3:22  Supply Depot  
  24  3:23  Supply Depot  
  24  3:42  Marine x3  
  24  3:45  Supply Depot  
  27  3:59  Marine x2  
  27  4:00  Marine  
  30  4:17  Marine x3  
  33  4:26  Factory  
  33  4:35  Marine x3  
  36  4:54  SCV  
  37  5:06  SCV  
  38  5:08  Engineering Bay  
  38  5:18  SCV  
  38  5:19  Starport  
  39  5:28  Factory Tech Lab  
  39  5:31  SCV  
  40  5:37  Marine  
  40  5:38  Marine x2  
  43  5:43  SCV  
  44  5:55  SCV, Marine x2  
  47  5:57  Starport  
  47  6:18  Barracks Tech Lab  
  47  6:22  Barracks Reactor  
  47  6:30  Orbital Command  
  47  6:47  Medivac  
  49  6:57  Combat Shield  
  49  7:17  Medivac  
  49  7:21  Refinery  
  51  7:38  Marine  
  51  7:39  Marine x3  
  55  7:56  Marine x2  
  55  7:57  Marine x2  
  59  8:01  Command Center  
  59  8:14  Marine x4  
  63  8:27  Starport  
  63  9:05  Starport  
  63  9:13  Viking  
  65  9:57  Stimpack  
  64  10:22  Viking x4  
  72  10:32  Marine x4  
  76  10:42  Terran Infantry Weapons Level 1  
  76  10:50  Marine x2  
  78  11:08  Marine  
  78  11:09  Marine  
  78  11:10  Marine  
  78  11:13  Marine, Medivac x2  
  56  11:26  Marine x2  
  56  11:28  Marine  
  56  11:31  Marine  
  59  11:44  Marine  
  60  11:49  Marine  
  61  12:02  Marine  
  61  12:06  Marine  
  63  12:15  SCV x2  
  65  12:27  SCV x2  
  67  12:39  SCV  
  60  12:58  Marine x4  
  64  13:15  Marine x2  
  64  13:16  Marine x2  
  65  13:33  Marine x3  
  65  13:34  Marine  
  64  13:51  Marine x3  
  64  13:52  Marine  
  64  14:09  Marine x2  
Show
View Real Time Build Order
Export as new Build Order

Viper Protoss 

Build Orders:  

Get SALT Encoding   

  12  0:02  Probe (Chrono Boost)  
  13  0:13  Probe (Chrono Boost)  
  14  0:23  Probe  
  14  0:25  Pylon  
  15  0:46  Forge, Probe  
  16  1:43  Probe (Chrono Boost)  
  17  1:53  Probe (Chrono Boost)  
  18  2:10  Photon Cannon  
  18  2:12  Photon Cannon  
  18  2:20  Pylon  
  18  2:34  Assimilator  
  18  2:40  Pylon  
  18  2:43  Assimilator  
  18  2:46  Probe (Chrono Boost)  
  19  2:52  Photon Cannon  
  19  2:56  Probe (Chrono Boost)  
  20  3:03  Gateway  
  20  3:08  Photon Cannon  
  20  3:11  Probe (Chrono Boost)  
  22  3:21  Probe (Chrono Boost)  
  22  3:26  Probe (Chrono Boost)  
  23  3:41  Nexus  
  23  3:52  Cybernetics Core  
  23  3:55  Pylon  
  23  4:16  Assimilator  
  23  4:20  Assimilator  
  23  4:30  Robotics Facility  
  23  4:49  Robotics Facility  
  23  4:55  Probe (Chrono Boost)  
  24  5:05  Probe (Chrono Boost)  
  25  5:08  Pylon  
  25  5:10  Probe (Chrono Boost)  
  26  5:20  Observer  
  27  5:21  Probe  
  27  5:27  Robotics Bay  
  28  5:33  Probe  
  29  5:48  Probe (Chrono Boost)  
  30  5:50  Immortal  
  34  6:01  Probe (Chrono Boost)  
  35  6:09  Probe (Chrono Boost)  
  35  6:10  Extended Thermal Lance (Chrono Boost)  
  36  6:14  Probe (Chrono Boost)  
  36  6:17  Colossus  
  43  6:24  Probe  
  44  6:32  Protoss Shields Level 1 (Chrono Boost)  
  44  6:35  Forge  
  44  6:36  Probe  
  44  6:37  Forge  
  44  6:38  Pylon  
  45  6:48  Probe  
  45  6:51  Colossus  
  52  7:00  Probe  
  53  7:11  Colossus  
  53  7:12  Probe  
  60  7:24  Probe, Protoss Ground Weapons Level 1 (Chrono Boost)  
  60  7:28  Protoss Ground Armor Level 1 (Chrono Boost)  
  61  7:36  Probe  
  55  8:23  Observer x2  
  57  8:35  Probe (Chrono Boost)  
  58  8:46  Probe (Chrono Boost)  
  59  8:53  Colossus  
  59  8:54  Observer  
  66  9:10  Pylon  
  66  9:12  Pylon  
  66  9:14  Pylon  
  66  10:01  Twilight Council  
  66  10:09  Colossus  
  66  10:10  Colossus  
  78  10:26  Photon Cannon  
  78  10:30  Photon Cannon  
  78  10:35  Photon Cannon  
  79  11:04  Observer  
  47  11:44  Colossus x2  
  60  11:55  Probe (Chrono Boost)  
  60  12:18  Robotics Facility  
  60  12:23  Pylon  
  60  12:25  Nexus  
  60  12:27  Assimilator  
  60  12:32  Assimilator  
  60  12:38  Observer x2  
  62  13:08  Immortal x2  
  69  13:18  Pylon  
Show
View Real Time Build Order
Export as new Build Order

Pin Protoss 

Build Orders: Carriers 

Get SALT Encoding   

  12  0:03  Probe (Chrono Boost)  
  14  0:15  Probe (Chrono Boost)  
  14  0:20  Probe (Chrono Boost)  
  15  0:46  Pylon  
  15  0:51  Pylon  
  15  0:56  Assimilator  
  15  1:02  Assimilator  
  15  1:04  Probe  
  16  1:16  Probe  
  17  1:19  Gateway  
  17  1:28  Probe  
  17  1:32  Pylon  
  18  1:40  Probe (Chrono Boost)  
  19  1:52  Probe (Chrono Boost)  
  20  1:56  Pylon  
  20  1:57  Probe (Chrono Boost)  
  21  2:06  Probe (Chrono Boost)  
  22  2:09  Zealot  
  24  2:19  Probe (Chrono Boost)  
  25  2:28  Probe (Chrono Boost)  
  26  2:32  Cybernetics Core  
  26  2:33  Probe  
  26  2:37  Zealot  
  29  2:40  Pylon  
  29  3:04  Zealot  
  29  3:05  Pylon  
  31  3:24  Protoss Air Armor Level 1  
  31  3:31  Stalker  
  33  3:37  Stargate  
  33  3:42  Pylon  
  33  4:01  Stalker  
  35  4:06  Nexus  
  35  4:20  Pylon  
  35  4:32  Fleet Beacon  
  35  4:39  Assimilator  
  35  4:46  Assimilator  
  35  4:50  Pylon  
  35  4:54  Pylon  
  35  5:00  Pylon  
  35  5:03  Pylon  
  35  5:06  Void Ray  
  39  5:25  Probe (Chrono Boost)  
  40  5:33  Protoss Air Weapons Level 1  
  40  5:35  Unknown  
  41  5:36  Probe (Chrono Boost)  
  42  5:44  Probe (Chrono Boost)  
  42  5:50  Pylon  
  42  5:53  Probe (Chrono Boost)  
  43  6:02  Probe  
  44  6:14  Stargate  
  44  6:15  Probe  
  45  6:27  Probe (Chrono Boost)  
  45  6:32  Anion Pulse-Crystals  
  46  6:38  Probe (Chrono Boost)  
  47  6:43  Probe (Chrono Boost), Mothership (Chrono Boost)  
  56  6:54  Probe  
  57  7:06  Probe  
  57  7:08  Carrier  
  64  7:18  Probe  
  65  7:27  Pylon, Warp Gate  
  65  7:30  Probe (Chrono Boost)  
  65  7:31  Pylon  
  66  7:41  Probe (Chrono Boost)  
  67  7:46  Probe (Chrono Boost)  
  68  7:51  Pylon  
  68  7:56  Probe  
  69  8:08  Probe  
  70  8:26  Carrier  
  76  9:21  Probe (Chrono Boost)  
  77  9:25  Protoss Air Weapons Level 2  
  77  9:28  Probe (Chrono Boost)  
  77  9:30  Carrier  
  84  9:32  Pylon  
  85  9:39  Probe (Chrono Boost)  
  85  9:51  Probe (Chrono Boost)  
  86  10:00  Probe  
  87  10:35  Carrier  
  71  11:36  Carrier (Chrono Boost)  
  71  12:09  Carrier (Chrono Boost)  
  71  12:33  Carrier  
  77  12:42  Stargate  
Tags
 
Add a new tag
Caveats
  • Supply blocks, unpowered buildings, or Contaminate may cause inaccurate times.
  • Supply counts are checked every 10 seconds.